| TOP OF THE 1ST |
|
Charleston RiverDogs batting - Pitching for Burlington Bees : LHP Mark Sanders
|
|
Pitching: LHP Mark Sanders
|
|
|
Batting: LHB Ernesto Abreu
|
0-0: Ball 1-0: Ground out U3 (Groundball, 3S, EV 84.4 MPH)
|
|
Batting: RHB Iften Olujimi
|
0-0: Ball 1-0: Ball 2-0: Called Strike 2-1: Ground out 5-3 (Groundball, 56, EV 89.4 MPH)
|
|
Batting: RHB Francisco Vargas
|
0-0: Ground out 4-3 (Groundball, 4, EV 107.5 MPH)
|
| Top of the 1st over - 0 runs, 0 hits, 0 errors, 0 left on base; Charleston 0 - Burlington 0 |
| BOTTOM OF THE 1ST |
|
Burlington Bees batting - Pitching for Charleston RiverDogs : RHP Bobby McDonnell
|
|
Pitching: RHP Bobby McDonnell
|
|
|
Now in CF: John Sprenkel
|
|
|
Now in RF: Ernesto Abreu
|
|
|
Batting: RHB Joe Hewitt
|
0-0: Called Strike 0-1: Called Strike 0-2: Ball 1-2: Strikes out swinging
|
|
Batting: RHB Dean LeCroy
|
0-0: Fly out, F9 (Flyball, 89S, EV 91.9 MPH)
|
|
Batting: LHB Pavla Markianov
|
0-0: Foul Ball, location: 2F 0-1: Swinging Strike 0-2: Strikes out swinging
|
| Bottom of the 1st over - 0 runs, 0 hits, 0 errors, 0 left on base; Charleston 0 - Burlington 0 |
| TOP OF THE 2ND |
|
Charleston RiverDogs batting - Pitching for Burlington Bees : LHP Mark Sanders
|
|
Batting: SHB Tadaaki Kondo
|
0-0: Called Strike 0-1: Foul Ball, location: 2F 0-2: Strikes out swinging
|
|
Batting: RHB Jeff McClellan
|
0-0: Ball 1-0: Fly out, F6 (Line Drive, 6M, EV 90.0 MPH)
|
|
Batting: RHB John Sprenkel
|
0-0: Ball 1-0: Ball 2-0: Called Strike 2-1: Ball 3-1: Foul Ball, location: 2F 3-2: Ground out 5-3 (Groundball, 5, EV 103.8 MPH)
|
| Top of the 2nd over - 0 runs, 0 hits, 0 errors, 0 left on base; Charleston 0 - Burlington 0 |
| BOTTOM OF THE 2ND |
|
Burlington Bees batting - Pitching for Charleston RiverDogs : RHP Bobby McDonnell
|
|
Batting: LHB Ramon Garduno
|
0-0: Foul Ball, location: 2F 0-1: Ground out 5-3 (Groundball, 56, EV 88.1 MPH)
|
|
Batting: SHB David Vigo
|
0-0: Ball 1-0: Called Strike 1-1: Swinging Strike 1-2: Ball 2-2: Foul Ball, location: 2F 2-2: SINGLE (Line Drive, 8LS, EV 99.4 MPH)
|
|
Batting: RHB Arnaud Derosiers
|
0-0: Ball 1-0: 2-RUN HOME RUN (Flyball, 7LD, EV 95.6 MPH), Distance : 359 ft
|
|
Batting: RHB Dan Burkhart
|
0-0: Called Strike 0-1: Foul Ball, location: 2F 0-2: SOLO HOME RUN (Flyball, 7D, EV 98.1 MPH), Distance : 369 ft
|
|
Batting: RHB Davey Verhoog
|
0-0: Ball 1-0: Called Strike 1-1: Swinging Strike 1-2: Ball 2-2: Ball 3-2: Foul Ball, location: 2F 3-2: Foul Ball, location: 2F 3-2: Foul Ball, location: 2F 3-2: Fly out, F9 (Flyball, 89M, EV 91.2 MPH)
|
|
Batting: RHB David Rhodes
|
0-0: Ball 1-0: Fly out, F4 (Popup, 34S, EV 85.0 MPH)
|
| Bottom of the 2nd over - 3 runs, 3 hits, 0 errors, 0 left on base; Charleston 0 - Burlington 3 |
| TOP OF THE 3RD |
|
Charleston RiverDogs batting - Pitching for Burlington Bees : LHP Mark Sanders
|
|
Batting: RHB Mike Zern
|
0-0: Foul Ball, location: 2F 0-1: SINGLE (Flyball, 89S, EV 91.9 MPH)
|
|
Batting: RHB Bryan Massey
|
0-0: Ball 1-0: Ball 2-0: Swinging Strike 2-1: Foul Ball, location: 2F 2-2: Ball 3-2: Strikes out swinging Mike Zern is caught stealing 2nd base 2-4 Batter strikes out.
|
|
Batting: RHB Louwe Starmans
|
0-0: Swinging Strike 0-1: Ball 1-1: Swinging Strike 1-2: Ball 2-2: Foul Ball, location: 2F 2-2: Strikes out swinging
|
| Top of the 3rd over - 0 runs, 1 hit, 0 errors, 0 left on base; Charleston 0 - Burlington 3 |
| BOTTOM OF THE 3RD |
|
Burlington Bees batting - Pitching for Charleston RiverDogs : RHP Bobby McDonnell
|
|
Batting: RHB Joe Hewitt
|
0-0: Called Strike 0-1: Foul Ball, location: 2F 0-2: Ball 1-2: Ball 2-2: Strikes out swinging
|
|
Batting: RHB Dean LeCroy
|
0-0: Called Strike 0-1: Foul Ball, location: 2F 0-2: Ball 1-2: Ball 2-2: Ball 3-2: Foul Ball, location: 2F 3-2: SINGLE (Groundball, 56D, EV 100.0 MPH)
|
|
Batting: LHB Pavla Markianov
|
0-0: Called Strike 0-1: Ball 1-1: Ball 2-1: Foul Ball, location: 2F 2-2: Ball 3-2: Foul Ball, location: 2F 3-2: Base on Balls Dean LeCroy to second
|
|
Batting: LHB Ramon Garduno
|
0-0: Ball 1-0: Ball 2-0: Ground out 6-3 (Groundball, P, EV 92.5 MPH) Dean LeCroy to third Pavla Markianov to second
|
|
Batting: SHB David Vigo
|
0-0: Foul Ball, location: 2F 0-1: Ball 1-1: Ball 2-1: Foul Ball, location: 2F 2-2: Ball 3-2: Base on Balls
|
|
Batting: RHB Arnaud Derosiers
|
0-0: Ball 1-0: Foul Ball, location: 2F 1-1: Foul Ball, location: 2F 1-2: Ball 2-2: Ball 3-2: SINGLE (Line Drive, 89S, EV 113.1 MPH) Dean LeCroy scores Pavla Markianov to third David Vigo to second Pavla Markianov scores David Vigo to third
|
|
Pitching: LHP Nick Hamlin
|
|
|
Batting: RHB Dan Burkhart
|
0-0: Called Strike 0-1: Ball 1-1: Called Strike 1-2: Ball 2-2: Ball 3-2: Strikes out swinging
|
| Bottom of the 3rd over - 2 runs, 2 hits, 0 errors, 2 left on base; Charleston 0 - Burlington 5 |
| TOP OF THE 4TH |
|
Charleston RiverDogs batting - Pitching for Burlington Bees : LHP Mark Sanders
|
|
Batting: LHB Ernesto Abreu
|
0-0: Swinging Strike 0-1: Ball 1-1: Foul Ball, location: 2F 1-2: Ball 2-2: SINGLE (Groundball, 6M, EV 106.9 MPH) (infield hit)
|
|
Batting: RHB Iften Olujimi
|
0-0: Ball 1-0: Ball 2-0: Swinging Strike 2-1: Foul Ball, location: 2F 2-2: Strikes out swinging
|
|
Batting: RHB Francisco Vargas
|
0-0: Ball Ernesto Abreu is caught stealing 2nd base 2-4 1-0: Ball 2-0: Ball 3-0: Called Strike 3-1: Base on Balls
|
|
Batting: SHB Tadaaki Kondo
|
0-0: Ball 1-0: Ball 2-0: Fly out, F9 (Flyball, 9D, EV 101.2 MPH)
|
| Top of the 4th over - 0 runs, 1 hit, 0 errors, 1 left on base; Charleston 0 - Burlington 5 |
| BOTTOM OF THE 4TH |
|
Burlington Bees batting - Pitching for Charleston RiverDogs : LHP Nick Hamlin
|
|
Batting: RHB Davey Verhoog
|
0-0: Fly out, F8 (Flyball, 8RD, EV 105.0 MPH)
|
|
Batting: RHB David Rhodes
|
0-0: Ball 1-0: Swinging Strike 1-1: Foul Ball, location: 2F 1-2: Foul Ball, location: 2F 1-2: Ball 2-2: Strikes out looking
|
|
Batting: RHB Joe Hewitt
|
0-0: Foul Ball, location: 2F 0-1: Foul Ball, location: 2F 0-2: Foul Ball, location: 2F 0-2: Ball 1-2: Ball 2-2: Ball 3-2: Strikes out swinging
|
| Bottom of the 4th over - 0 runs, 0 hits, 0 errors, 0 left on base; Charleston 0 - Burlington 5 |
| TOP OF THE 5TH |
|
Charleston RiverDogs batting - Pitching for Burlington Bees : LHP Mark Sanders
|
|
Batting: RHB Jeff McClellan
|
0-0: Called Strike 0-1: Called Strike 0-2: Ball 1-2: SINGLE (Groundball, 56, EV 105.6 MPH) (infield hit)
|
|
Batting: RHB John Sprenkel
|
0-0: Fielders Choice at 2nd, 1-6 (Groundball, 13S, EV 63.8 MPH)
|
|
Batting: RHB Mike Zern
|
0-0: Called Strike 0-1: Foul Ball, location: 2F 0-2: Ball 1-2: Ball 2-2: Reached on error, E4 (Groundball, 4, EV 102.5 MPH) John Sprenkel to second
|
|
Batting: RHB Bryan Massey
|
0-0: Called Strike 0-1: Called Strike 0-2: Strikes out looking
|
|
Batting: RHB Louwe Starmans
|
0-0: Ball 1-0: Called Strike 1-1: Ball 2-1: Ball 3-1: Swinging Strike 3-2: Foul Ball, location: 2F 3-2: Strikes out swinging
|
| Top of the 5th over - 0 runs, 1 hit, 1 error, 2 left on base; Charleston 0 - Burlington 5 |
| BOTTOM OF THE 5TH |
|
Burlington Bees batting - Pitching for Charleston RiverDogs : LHP Nick Hamlin
|
|
Batting: RHB Dean LeCroy
|
0-0: Foul Ball, location: 2F 0-1: Foul Ball, location: 2F 0-2: Ball 1-2: Foul Ball, location: 2F 1-2: Ball 2-2: SINGLE (Groundball, 56, EV 100.6 MPH) (infield hit)
|
|
Batting: LHB Pavla Markianov
|
0-0: Ball 1-0: Called Strike Dean LeCroy is caught stealing 2nd base 2-6 1-1: Ball 2-1: Foul Ball, location: 2F 2-2: Foul Ball, location: 2F 2-2: Ground out 5-3 (Groundball, 56S, EV 53.8 MPH)
|
|
Batting: LHB Ramon Garduno
|
0-0: Ball 1-0: Ball 2-0: Ball 3-0: Called Strike 3-1: Ground out U3 (Groundball, 34, EV 108.8 MPH)
|
| Bottom of the 5th over - 0 runs, 1 hit, 0 errors, 0 left on base; Charleston 0 - Burlington 5 |
| TOP OF THE 6TH |
|
Charleston RiverDogs batting - Pitching for Burlington Bees : LHP Mark Sanders
|
|
Batting: LHB Ernesto Abreu
|
0-0: Ball 1-0: Ground out 4-3 (Groundball, 4, EV 80.6 MPH)
|
|
Batting: RHB Iften Olujimi
|
0-0: Called Strike 0-1: Ball 1-1: Foul Ball, location: 2F 1-2: Foul Ball, location: 2F 1-2: Foul Ball, location: 2F 1-2: Ball 2-2: Strikes out swinging
|
|
Batting: RHB Francisco Vargas
|
0-0: Fly out, F9 (Flyball, 9, EV 83.1 MPH)
|
| Top of the 6th over - 0 runs, 0 hits, 0 errors, 0 left on base; Charleston 0 - Burlington 5 |
| BOTTOM OF THE 6TH |
|
Burlington Bees batting - Pitching for Charleston RiverDogs : LHP Nick Hamlin
|
|
Batting: SHB David Vigo
|
0-0: Foul Ball, location: 2F 0-1: Fly out, F8 (Flyball, 78D, EV 84.4 MPH)
|
|
Batting: RHB Arnaud Derosiers
|
0-0: Called Strike 0-1: Fly out, F7 (Flyball, 7LS, EV 90.0 MPH)
|
|
Batting: RHB Dan Burkhart
|
0-0: Ball 1-0: Fly out, F4 (Flyball, 34D, EV 89.4 MPH)
|
| Bottom of the 6th over - 0 runs, 0 hits, 0 errors, 0 left on base; Charleston 0 - Burlington 5 |
| TOP OF THE 7TH |
|
Charleston RiverDogs batting - Pitching for Burlington Bees : LHP Mark Sanders
|
|
Batting: SHB Tadaaki Kondo
|
0-0: Ball 1-0: Fly out, F7 (Flyball, 7D, EV 99.4 MPH)
|
|
Batting: RHB Jeff McClellan
|
0-0: Ball 1-0: Ball 2-0: Ball 3-0: Base on Balls
|
|
Batting: RHB John Sprenkel
|
0-0: Fly out, F7 (Line Drive, 7LS, EV 96.2 MPH)
|
|
Batting: RHB Mike Zern
|
0-0: Fielders Choice at 2nd, 5-4 (Groundball, 56, EV 86.2 MPH)
|
| Top of the 7th over - 0 runs, 0 hits, 0 errors, 1 left on base; Charleston 0 - Burlington 5 |
| BOTTOM OF THE 7TH |
|
Burlington Bees batting - Pitching for Charleston RiverDogs : LHP Nick Hamlin
|
|
Batting: RHB Davey Verhoog
|
0-0: SINGLE (Groundball, 34D, EV 94.4 MPH)
|
|
Batting: RHB David Rhodes
|
0-0: Ball 1-0: Ball 2-0: SINGLE (Line Drive, 4MD, EV 95.0 MPH) Davey Verhoog to second
|
|
Pitching: RHP Michel van Kampen
|
|
|
Batting: RHB Joe Hewitt
|
0-0: Bunted foul 0-1: Bunt missed! 0-2: Ball 1-2: Ball 2-2: Foul Ball, location: 2F 2-2: Strikes out looking
|
|
Batting: RHB Dean LeCroy
|
0-0: Ball 1-0: Ball 2-0: Ball 3-0: Called Strike 3-1: Base on Balls Davey Verhoog to third David Rhodes to second
|
|
Batting: LHB Pavla Markianov
|
0-0: Ball 1-0: Foul Ball, location: 2F 1-1: Foul Ball, location: 2F 1-2: Ball 2-2: Ground out 6-3 (Groundball, 6M, EV 101.9 MPH) Davey Verhoog scores David Rhodes to third Dean LeCroy to second
|
|
Batting: LHB Ramon Garduno
|
0-0: Foul Ball, location: 2F 0-1: Ground out 6-3 (Groundball, 6M, EV 83.1 MPH)
|
| Bottom of the 7th over - 1 run, 2 hits, 0 errors, 2 left on base; Charleston 0 - Burlington 6 |
| TOP OF THE 8TH |
|
Charleston RiverDogs batting - Pitching for Burlington Bees : LHP Mark Sanders
|
|
Batting: RHB Bryan Massey
|
0-0: SINGLE (Groundball, 6MD, EV 106.9 MPH)
|
|
Batting: RHB Louwe Starmans
|
0-0: Foul Ball, location: 2F 0-1: Swinging Strike 0-2: Ball 1-2: Ball 2-2: Grounds into double play, 6-4-3 (Groundball, 6, EV 76.2 MPH)
|
|
Batting: LHB Ernesto Abreu
|
0-0: Called Strike 0-1: Swinging Strike 0-2: Foul Ball, location: 2F 0-2: Ball 1-2: Foul Ball, location: 2F 1-2: Ball 2-2: Strikes out swinging
|
| Top of the 8th over - 0 runs, 1 hit, 0 errors, 0 left on base; Charleston 0 - Burlington 6 |
| BOTTOM OF THE 8TH |
|
Burlington Bees batting - Pitching for Charleston RiverDogs : RHP Michel van Kampen
|
|
Batting: SHB David Vigo
|
0-0: Called Strike 0-1: Ball 1-1: Foul Ball, location: 2F 1-2: Foul Ball, location: 2F 1-2: Strikes out looking
|
|
Batting: RHB Arnaud Derosiers
|
0-0: Ball 1-0: Ball 2-0: Foul Ball, location: 2F 2-1: Swinging Strike 2-2: Foul Ball, location: 2F 2-2: Ball 3-2: SINGLE (Line Drive, 6M, EV 110.6 MPH)
|
|
Pitching: RHP Khayyat bin Faruq
|
|
|
Batting: RHB Dan Burkhart
|
0-0: Called Strike 0-1: Swinging Strike 0-2: Strikes out looking
|
|
Batting: RHB Davey Verhoog
|
0-0: Ball 1-0: Swinging Strike 1-1: Called Strike 1-2: Foul Ball, location: 2F 1-2: SINGLE (Line Drive, 4MD, EV 102.5 MPH) Arnaud Derosiers to second
|
|
Batting: RHB David Rhodes
|
0-0: Called Strike 0-1: Ball 1-1: Called Strike 1-2: Ball 2-2: Ball 3-2: Strikes out looking
|
| Bottom of the 8th over - 0 runs, 2 hits, 0 errors, 2 left on base; Charleston 0 - Burlington 6 |
| TOP OF THE 9TH |
|
Charleston RiverDogs batting - Pitching for Burlington Bees : LHP Mark Sanders
|
|
Pitching: LHP Chris Fuller
|
|
|
Batting: RHB Iften Olujimi
|
0-0: Foul Ball, location: 2F 0-1: Ball 1-1: Foul Ball, location: 2F 1-2: Strikes out swinging
|
|
Pitching: RHP Devin Spears
|
|
|
Batting: RHB Francisco Vargas
|
0-0: Called Strike 0-1: Ball 1-1: Swinging Strike 1-2: Strikes out swinging
|
|
Batting: SHB Tadaaki Kondo
|
0-0: Ball 1-0: Ball 2-0: Foul Ball, location: 2F 2-1: Ball 3-1: Fly out, F7 (Flyball, 7D, EV 105.0 MPH)
|
| Top of the 9th over - 0 runs, 0 hits, 0 errors, 0 left on base; Charleston 0 - Burlington 6 |
|